 Dungeon Crawl Stone Soup version 0.25.1-2-g60ff931df9 (webtiles) character file.

Game seed: 9190967107287822920

291350 Delamore the Slayer (level 20, -1/147 HPs)
             Began as a Gargoyle Fighter on Sept 30, 2020.
             Was the Champion of Okawaru.
             Shot with an arrow by a deep elf master archer (26 damage)
             ... on level 3 of the Elven Halls.
             The game lasted 00:52:34 (35854 turns).

Delamore the Slayer (Gargoyle Fighter)             Turns: 35854, Time: 00:52:34

Health: -1/147     AC: 29    Str: 34    XL:     20   Next: 77%
Magic:  7/7        EV:  9    Int: 11    God:    Okawaru [******]
Gold:   1581       SH: 25    Dex:  9    Spells: 19/19 levels left

rFire    + + .     SeeInvis +   m - +5 demon whip "Spellbinder" {antimagic, MR+}
rCold    + + .     Gourm    .   Q - +2 kite shield of Ostefus {rPois rN++ MR+ Dex-2}
rNeg     + + +     Faith    .   M - +1 chain mail of Gallantry {rPois Regen+ Str+4 Stlth-}
rPois    ∞         Spirit   .   B - -2 hat of the Alchemist {rElec rPois rF+ rC+ rN+ MR+ rMut rCorr}
rElec    +         Reflect  +   G - scarf {rC+ rF+}
rCorr    +         Harm     .   O - +0 pair of gloves {Str+3}
rMut     +                      Z - +1 pair of boots of Lies {SInv}
MR       +++++                  k - amulet of reflection
Stlth    ..........             N - +4 ring of slaying
HPRegen  0.74/turn              t - ring of protection from magic
MPRegen  0.10/turn

@: flying, very slightly contaminated
A: big wings, see invisible, agile 1, negative energy resistance 1, electricity
resistance, unbreathing, petrification resistance, rot immunity, AC +15
}: 2/15 runes: decaying, serpentine
a: Stop Flying, Heroism, Finesse, Renounce Religion


You were on level 3 of the Elven Halls.
You worshipped Okawaru.
Okawaru was exalted by your worship.
You were not hungry.

You visited 7 branches of the dungeon, and saw 35 of its levels.
You visited 1 bazaar.
You also visited: Gauntlet.

You collected 3703 gold pieces.
You spent 2122 gold pieces at shops.

Inventory:

Hand Weapons
 c - the +8 morningstar "Kios" {flame, MP+9 Str+5 Int-2}
   (You bought it in a shop in a bazaar)

   It has been specially enchanted to burn those struck by it, causing extra
   injury to most foes and up to half again as much damage against particularly
   susceptible opponents.
   It affects your strength (+5).
   It affects your intelligence (-2).
   It affects your magic capacity (+9).
 m - the +5 demon whip "Spellbinder" (weapon) {antimagic, MR+}
   (Okawaru gifted it to you on level 2 of the Lair of Beasts)

   It reduces the magical energy of the wielder, and disrupts the spells and
   magical abilities of those hit.
   Natural abilities and divine invocations are not affected.
   It affects your resistance to hostile enchantments.
Missiles
 L - a throwing net
 T - 14 javelins
 X - 19 silver javelins (quivered)
Armour
 B - the -2 hat of the Alchemist (worn) {rElec rPois rF+ rC+ rN+ MR+ rMut rCorr}
   (You bought it in a shop on level 7 of the Dungeon)

   It protects you from fire.
   It protects you from cold.
   It insulates you from electricity.
   It protects you from poison.
   It protects you from negative energy.
   It affects your resistance to hostile enchantments.
   It provides partial protection from all sources of acid and corrosion.
   It protects you from mutation.
 G - a scarf of resistance (worn)
 M - the +1 chain mail of Gallantry (worn) {rPois Regen+ Str+4 Stlth-}
   (You found it on level 9 of the Dungeon)

   It affects your strength (+4).
   It protects you from poison.
   It increases your rate of regeneration.
   It makes you less stealthy.
 O - a +0 pair of gloves of strength (worn)
 Q - the +2 kite shield of Ostefus (worn) {rPois rN++ MR+ Dex-2}
   (You bought it in a shop in a bazaar)

   It affects your dexterity (-2).
   It protects you from poison.
   It greatly protects you from negative energy.
   It affects your resistance to hostile enchantments.
 Z - the +1 pair of boots of Lies (worn) {SInv}
   (Okawaru gifted it to you on level 14 of the Dungeon)

   It lets you see invisible.
Jewellery
 k - an amulet of reflection (around neck)
 o - an uncursed ring of see invisible
 t - a ring of protection from magic (right hand)
 K - an uncursed ring of protection from cold
 N - a +4 ring of slaying (left hand)
 Y - a +4 ring of protection
Wands
 i - a wand of disintegration (15)
 y - a wand of acid (7)
 E - a wand of digging (21)
 H - a wand of iceblast (23)
 J - a wand of flame (33)
Scrolls
 j - 6 scrolls of magic mapping
 n - 5 scrolls of fog
 p - 8 scrolls of enchant weapon
 r - 2 scrolls of immolation
 s - 9 scrolls of enchant armour
 u - a scroll of summoning
 v - 7 scrolls of remove curse
 x - 2 scrolls of identify
 A - 4 scrolls of noise
 D - a scroll of holy word
 I - 8 scrolls of teleportation
 R - 3 scrolls of brand weapon
 S - a scroll of silence
 V - 3 scrolls of fear
Potions
 b - a potion of ambrosia
 d - 4 potions of might
 g - 5 potions of cancellation
 h - 6 potions of heal wounds
 l - 2 potions of resistance
 q - 4 potions of haste
 w - 2 potions of mutation
 z - a potion of curing
 C - 2 potions of berserk rage
Miscellaneous
 F - a lightning rod (4/4)
Comestibles
 a - 12 chunks of flesh
 f - 50 rations


   Skills:
 + Level 22.4 Fighting
 - Level 16.0 Maces & Flails
 - Level 10.0 Armour
 + Level 22.3 Shields
 - Level 5.0 Invocations
 - Level 5.0 Evocations


You had 19 spell levels left.
You didn't know any spells.
Your spell library contained the following spells:

 Spells                   Type           Power        Failure   Level  Hunger
 Beastly Appendage        Tmut           #.....       75%         1    ##.....
 Corona                   Hex            #......      75%         1    ##.....
 Freeze                   Ice            #...         75%         1    ##.....
 Sting                    Tmut/Pois      #...         75%         1    ##.....
 Ensorcelled Hibernation  Hex/Ice        #.....       87%         2    ###....
 Sticks to Snakes         Tmut           #.......     87%         2    ###....
 Confusing Touch          Hex            #.......     98%         3    ####...
 Dazzling Flash           Conj/Hex       #.....       98%         3    ####...
 Frozen Ramparts          Ice            #.....       98%         3    ####...
 Ozocubu's Armour         Chrm/Ice       #.......     98%         3    ####...
 Spider Form              Tmut/Pois      #.........   98%         3    ####...
 Stone Arrow              Conj/Erth      #.....       98%         3    ####...
 Tukima's Dance           Hex            #.......     98%         3    ####...
 Hailstorm                Conj/Ice       #.......     100%        4    #####..
 Ice Form                 Ice/Tmut       #.......     100%        4    #####..
 Petrify                  Tmut/Erth      #.......     100%        4    #####..
 Summon Ice Beast         Ice/Summ       #.......     100%        4    #####..
 Summon Lightning Spire   Summ/Air       #.......     100%        4    #####..
 Alistair's Intoxication  Tmut/Pois      #.......     100%        5    ######.
 Blade Hands              Tmut           #.........   100%        5    ######.
 Irradiate                Conj/Tmut      #.........   100%        5    ######.
 Silence                  Hex/Air        #.........   100%        5    ######.
 Freezing Cloud           Conj/Ice/Air   #.........   100%        6    #######
 Hydra Form               Tmut           #.........   100%        6    #######
 Dragon Form              Tmut           #.........   100%        7    #######
 Shatter                  Erth           #.........   100%        9    #######
 Statue Form              Tmut/Erth      Unusable     N/A         6    N/A

Dungeon Overview and Level Annotations

Branches:
Dungeon (15/15)            Temple (1/1) D:5            Lair (6/6) D:11
  Swamp (4/4) Lair:4        Snake (4/4) Lair:3        Slime (0/5) Lair:5
    Orc (2/2) D:11            Elf (3/3) Orc:2        Vaults (0/5) D:13
 Depths (0/5) D:15        Gauntlet (visited)

Altars:
Dithmenos
Elyvilon
Gozag
Kikubaaqudgha
Nemelex Xobeh
Okawaru
Ru
Sif Muna
Trog
Vehumet
Xom
Yredelemnul
The Shining One
Beogh
Jiyva

Shops:
D:5 !   D:7 =%*}   D:12 :*(*   D:15 =   Orc:2 :(%[*!   Snake:4 :!


Innate Abilities, Weirdness & Mutations

You are resistant to torment.
Your stone body is resilient. (AC +15)
You are immune to poison.
Your large and strong wings let you fly indefinitely.
You resist negative energy. (rN+)
You are resistant to electric shocks. (rElec)
You can survive without breathing.
You are immune to petrification.
You are immune to rotting.
You have supernaturally acute eyesight. (SInv)
You are agile. (Dex +2)


Message History

The deep elf death mage's magic leaks into the air.
Desperate hands claw out at the deep elf death mage.
The deep elf death mage is moderately wounded.
You block the deep elf death mage's attack.
You thrash the deep elf death mage!!
The deep elf death mage's magic leaks into the air.
The deep elf death mage twitches violently!
The deep elf death mage is drained!
The deep elf death mage is severely wounded.
You whack the deep elf death mage!
You kill the deep elf death mage!
Okawaru accepts your kill.
The deep elf master archer wields a +0 longbow.
The deep elf master archer shoots an arrow.
The arrow hits you!!
* * * LOW HITPOINT WARNING * * *
Your nameless horror closely misses the deep elf death mage.
The deep elf master archer shoots an arrow.
The arrow hits you!!
You die...

###.......... ...(######.. ##.##
#..# #.#
###..##################### ##'##
#........................##
#...###......##......8..8).8.....
.....##.#.)...##......)((........
........#.)....#eX.e####'####....
......###.#.)..(@e###.......###..
...<..+ #.)))...###.))8)..8...###
.....## #..##..##......)..(.....#
#...## #...#.##....###....#.....
##.## #.....#...## ###e..##... ##
#....##..# ##(..##.. #....#...
#)...##. #...##.. ##......
#.8.#.. #..##..


You could see a deep elf master archer, 2 deep elf death magi and a friendly
nameless horror (summoned).

Vanquished Creatures
  Mara (Snake:4)
  the Lernaean hydra (Swamp:4)
  Nikola (Swamp:2)
  Jorgrun (Orc:2)
  The ghost of CrazyMind the Devastator, an adept DrCj of Vehumet (Snake:4)
  3 deep elf blademasters
  3 deep elf master archers (Elf:3)
  Gastronok (Lair:2)
  Frances (Snake:1)
  A thorn hunter (Swamp:1)
  6 deep elf sorcerers
  8 nagarajas
  3 orc warlords (Orc:1)
  3 deep elf elementalists (Elf:3)
  An ironheart preserver (D:13)
  2 deep elf demonologists (Elf:1)
  6 dire elephants
  A minotaur (Gauntlet)
  2 deep elf annihilators (Elf:3)
  The ghost of Mebb the Imperceptible, a journeyman SpEn of Gozag (D:13)
  Azrael (Elf:1)
  5 deep elf death magi
  The ghost of doomsgape the Nimble, a journeyman TeFi of Nemelex Xobeh (Lair:4)
  2 deep elf high priests (Elf:3)
  Erolcha (D:11)
  The ghost of Zuplui the Basher, a journeyman DgWn (D:12)
  2 shambling mangroves
  A catoblepas (Lair:6)
  13 naga warriors
  3 ghost crabs
  Fannar (Lair:3)
  25 hydras
  15 anacondas
  6 centaur warriors
  2 hell beasts (Gauntlet)
  13 alligators
  13 two-headed ogres
  23 dancing weapons
  A tengu warrior (D:13)
  7 death yaks
  5 orc high priests
  9 shock serpents
  Sonja (D:12)
  21 deep elf knights
  A large abomination (Elf:3)
  3 skeletal warriors (D:12)
  13 naga sharpshooters
  2 salamander mystics (Snake:2)
  An unseen horror (shapeshifter) (D:15)
  2 unseen horrors
  2 sea snakes (Snake:2)
  3 spriggan druids
  12 swamp dragons
  7 naga ritualists
  A wizard (Elf:1)
  4 deep elf archers (Elf:2)
  4 mana vipers
  3 orc knights
  6 ugly things (D:15)
  A harpy (shapeshifter) (D:13)
  An oklob plant (Gauntlet)
  Pikel (D:7)
  42 deep elf magi
  3 manticores
  4 orc sorcerers
  8 salamanders
  6 cyclopes
  21 spiny frogs
  17 guardian serpents
  4 elephants (Lair:6)
  36 black mambas
  2 gargoyles
  18 naga magi
  A rime drake (Lair:4)
  2 kobold demonologists
  9 komodo dragons
  A yaktaur (D:14)
  A queen bee (Lair:1)
  11 trolls
  2 freezing wraiths (D:14)
  A troll (shapeshifter) (D:14)
  8 hornets
  A polar bear (Lair:4)
  10 hippogriffs
  4 bog bodies
  27 slime creatures
  7 blink frogs
  7 tyrant leeches
  10 dream sheep (Lair:6)
  4 spriggans
  51 yaks
  4 shadows
  A vampire (D:13)
  3 humans (Orc:2)
  3 wyverns
  5 fire elementals
  2 water elementals (Elf:2)
  A hungry ghost (D:11)
  A basilisk (Lair:4)
  Grum (D:9)
  16 vampire mosquitoes
  3 wraiths
  3 wargs (Orc:2)
  8 swamp worms
  3 acid dragons
  6 insubstantial wisps
  A soldier ant (D:10)
  48 nagas
  8 porcupines
  9 water moccasins
  8 hell hounds
  2 slaves
  15 swamp drakes
  33 orc warriors
  7 sky beasts
  19 ice beasts
  3 black bears
  8 ogres
  2 phantoms
  4 necrophages
  13 wolves
  2 boggarts
  17 centaurs
  8 crocodiles
  2 big kobolds (D:10)
  11 bullfrogs
  An elf skeleton (D:14)
  4 scorpions
  A troll zombie (D:14)
  35 killer bees
  12 wights
  4 electric eels
  5 howler monkeys
  6 crimson imps
  2 centaur zombies
  A bullfrog zombie (D:9)
  A quasit (D:12)
  7 hounds
  24 orc priests
  3 bullfrog skeletons
  3 human zombies (D:14)
  6 jellies
  21 orc wizards
  10 centaur skeletons
  Natasha (twice) (D:2 D:1)
  2 human skeletons (D:14)
  An iguana (D:5)
  12 worker ants
  An ogre zombie (D:14)
  Robin (D:2)
  A worker ant zombie (D:8)
  13 adders
  6 gnolls
  A howler monkey skeleton (D:5)
  3 shadow imps
  2 adder skeletons
  3 worms
  A dart slug (D:1)
  6 leopard geckos
  92 orcs
  A ball python (D:4)
  7 giant cockroaches
  13 goblins
  13 hobgoblins
  17 jackals
  12 quokkas
  7 bats
  3 frilled lizards
  A jackal zombie (D:5)
  22 kobolds
  2 leopard gecko skeletons
  An orc zombie (D:14)
  A quokka skeleton (D:5)
  7 rats
  A crawling corpse (Elf:3)
  3 plants (Lair:6)
1288 creatures vanquished.

Vanquished Creatures (collateral kills)
  A deep elf archer (Elf:1)
  A deep elf mage (Elf:1)
2 creatures vanquished.

Vanquished Creatures (others)
  A nagaraja (Snake:4)
  Nessos (D:15)
  A deep elf high priest (Elf:3)
  A naga sharpshooter (Snake:4)
  A black mamba (Snake:4)
  A swamp worm (Swamp:2)
  An orc wizard (D:3)
  A gnoll (D:7)
  A kobold (D:3)
  3 demonic plants (Gauntlet)
  8 fungi
  5 plants
25 creatures vanquished.

Grand Total: 1315 creatures vanquished

Notes
Turn   | Place    | Note
-------+----------+-------------------------------------------
     0 | D:1      | Delamore the Gargoyle Fighter began the quest for the Orb.
     0 | D:1      | Reached XP level 1. HP: 14/14 MP: 1/1
   131 | D:1      | Reached XP level 2. HP: 19/19 MP: 2/2
   591 | D:1      | Reached XP level 3. HP: 24/24 MP: 3/3
  1128 | D:2      | Noticed Natasha
  1143 | D:2      | Killed Natasha
  1143 | D:2      | Reached XP level 4. HP: 27/29 MP: 4/4
  1407 | D:2      | Noticed Robin
  1414 | D:2      | Killed Robin
  1708 | D:2      | Noticed Natasha
  1734 | D:1      | Killed Natasha
  1734 | D:1      | Reached XP level 5. HP: 28/34 MP: 5/5
  2083 | D:3      | Found a sacrificial altar of Ru.
  2317 | D:3      | Noticed a centaur
  2322 | D:3      | Killed a centaur
  2322 | D:3      | Reached skill level 5 in Fighting
  2322 | D:3      | Reached skill level 5 in Shields
  2322 | D:3      | Reached XP level 6. HP: 31/40 MP: 6/6
  2535 | D:3      | Found a shadowy altar of Dithmenos.
  3004 | D:4      | Reached skill level 5 in Maces & Flails
  3023 | D:4      | Reached XP level 7. HP: 40/44 MP: 7/7
  3442 | D:4      | Found a white marble altar of Elyvilon.
  3842 | D:5      | Entered Level 5 of the Dungeon
  4205 | D:5      | Found a staircase to the Ecumenical Temple.
  4214 | Temple   | Entered the Ecumenical Temple
  4232 | Temple   | Became a worshipper of Warmaster Okawaru
  4260 | D:5      | Reached XP level 8. HP: 49/49 MP: 8/8
  4388 | D:5      | Got an ancient hand axe
  4389 | D:5      | Identified the +7 hand axe "Afunizest" {drain, rC- MP+9
                  | Str+3} (You found it on level 5 of the Dungeon)
  4638 | D:5      | Found Doibailung's Distillery.
  4641 | D:5      | Bought a potion of degeneration for 11 gold pieces
  4641 | D:5      | Bought a potion of heal wounds for 55 gold pieces
  4671 | D:5      | Noticed a two-headed ogre
  4678 | D:5      | Reached * piety under Okawaru
  4688 | D:5      | Killed a two-headed ogre
  4688 | D:5      | Reached skill level 10 in Maces & Flails
  4688 | D:5      | Reached XP level 9. HP: 10/54 MP: 9/9
  5346 | D:6      | Reached ** piety under Okawaru
  5607 | D:6      | Got a translucent brass ring
  5690 | D:6      | Found a bloodstained altar of Trog.
  6082 | D:6      | Found a glowing golden altar of the Shining One.
  6653 | D:7      | Found a white marble altar of Elyvilon.
  6725 | D:7      | Identified the ring of Zagof {*Tele MR+ Int+3} (You found
                  | it on level 6 of the Dungeon)
  7107 | D:7      | Noticed Pikel
  7131 | D:7      | Killed Pikel
  7131 | D:7      | Reached *** piety under Okawaru
  7131 | D:7      | Reached XP level 10. HP: 59/59 MP: 10/10
  7152 | D:7      | Found Gasygh's Assorted Antiques.
  7211 | D:7      | Found an opulent altar of Gozag.
  7214 | D:7      | Found a sparkling altar of Nemelex Xobeh.
  7233 | D:7      | Found a radiant altar of Vehumet.
  7236 | D:7      | Found a shadowy altar of Dithmenos.
  7324 | D:7      | Found Jipesah's Gadget Shop.
  7475 | D:7      | Found Duofien's Jewellery Emporium.
  7539 | D:7      | Found a basalt altar of Yredelemnul.
  7611 | D:7      | Found Siugus's Food Emporium.
  7888 | D:8      | Reached **** piety under Okawaru
  8957 | D:9      | Got a warped chain mail
  8968 | D:9      | Identified the +1 chain mail of Gallantry {rPois Regen+
                  | Str+4 Stlth-} (You found it on level 9 of the Dungeon)
  8987 | D:9      | Noticed Grum
  9006 | D:9      | Reached skill level 1 in Invocations
  9023 | D:9      | Killed Grum
  9023 | D:9      | Reached skill level 1 in Evocations
  9510 | D:9      | Reached ***** piety under Okawaru
  9885 | D:9      | Got an ancient ring mail
  9896 | D:9      | Identified the +5 ring mail of Rokhliz {Harm Int+5 Dex+2}
                  | (You found it on level 9 of the Dungeon)
  9947 | D:10     | Entered Level 10 of the Dungeon
 10024 | D:10     | Reached XP level 11. HP: 64/64 MP: 13/13
 10701 | D:10     | Received a gift from Okawaru
 10970 | D:11     | Found a staircase to the Orcish Mines.
 11069 | D:11     | Noticed a death yak
 11070 | D:11     | Noticed a death yak
 11073 | D:11     | Noticed a two-headed ogre
 11081 | D:11     | Noticed a death yak
 11086 | D:11     | Noticed a six-headed hydra
 11090 | D:11     | Noticed Erolcha
 11132 | D:10     | Killed a death yak
 11181 | D:10     | Killed a six-headed hydra
 11181 | D:10     | Reached skill level 5 in Invocations
 11184 | D:10     | HP: 1/67 [death yak (9)]
 11199 | D:10     | Killed a death yak
 11316 | D:10     | Killed a death yak
 11366 | D:10     | Killed a two-headed ogre
 11366 | D:10     | Reached skill level 5 in Evocations
 11433 | D:11     | Killed Erolcha
 11433 | D:11     | Reached XP level 12. HP: 43/75 MP: 15/15
 11593 | D:11     | Noticed a centaur warrior
 11610 | D:11     | Killed a centaur warrior
 11616 | D:11     | Received a gift from Okawaru
 11646 | D:11     | Found a staircase to the Lair.
 12198 | Lair:1   | Entered Level 1 of the Lair of Beasts
 12391 | Lair:1   | Reached skill level 10 in Fighting
 12391 | Lair:1   | Reached skill level 10 in Shields
 13184 | Lair:2   | Reached ****** piety under Okawaru
 13323 | Lair:2   | Noticed Gastronok
 13344 | Lair:2   | Killed Gastronok
 13344 | Lair:2   | Received a gift from Okawaru
 13344 | Lair:2   | Reached XP level 13. HP: 62/84 MP: 16/16
 13345 | Lair:2   | Found the +5 demon whip "Spellbinder" {antimagic, MR+}
 14361 | Lair:3   | Noticed Fannar
 14371 | Lair:3   | Killed Fannar
 14776 | Lair:3   | Found a staircase to the Snake Pit.
 15176 | Lair:4   | Received a gift from Okawaru
 15306 | Lair:4   | Found a runed translucent door.
 15306 | Lair:4   | Found a shimmering altar of Xom.
 15306 | Lair:4   | Noticed doomsgape's ghost (journeyman TeFi)
 15337 | Lair:4   | Killed doomsgape's ghost
 15523 | Lair:4   | Found a staircase to the Swamp.
 15914 | Swamp:1  | Entered Level 1 of the Swamp
 16601 | Lair:5   | Gained mutation: Your large and strong wings let you fly
                  | indefinitely. [Gargoyle growth]
 16601 | Lair:5   | Reached XP level 14. HP: 89/94 MP: 5/17
 16609 | Lair:5   | Received a gift from Okawaru
 16991 | Lair:5   | Found a viscous altar of Jiyva.
 16991 | Lair:5   | Found a staircase to the Slime Pits.
 17016 | Lair:6   | Entered Level 6 of the Lair of Beasts
 17603 | Lair:6   | Got a bloodstained ring mail
 17614 | Lair:6   | Identified the +2 ring mail "Iriow" {rF+ rN+} (You found it
                  | on level 6 of the Lair of Beasts)
 18246 | Lair:6   | Noticed a dire elephant
 18260 | Lair:6   | Killed a dire elephant
 18296 | Lair:6   | Noticed a dire elephant
 18296 | Lair:6   | Noticed a dire elephant
 18324 | Lair:6   | Killed a dire elephant
 18334 | Lair:6   | Killed a dire elephant
 18423 | Lair:6   | Noticed a dire elephant
 18441 | Lair:6   | Killed a dire elephant
 18441 | Lair:6   | Reached skill level 15 in Fighting
 18441 | Lair:6   | Reached skill level 15 in Shields
 18456 | Lair:6   | Noticed a dire elephant
 18472 | Lair:6   | Killed a dire elephant
 18870 | Orc:1    | Entered Level 1 of the Orcish Mines
 18946 | Orc:2    | Entered Level 2 of the Orcish Mines
 18946 | Orc:2    | Found Pecaocwe's Food Emporium.
 18956 | Orc:2    | Found a staircase to the Elven Halls.
 18956 | Orc:2    | Noticed an orc warlord
 19072 | Orc:1    | Received a gift from Okawaru
 19092 | Orc:1    | Killed an orc warlord
 19096 | Orc:1    | Got a smoking cloak {god gift}
 19107 | Orc:1    | Identified the +1 cloak "Peix Sai" {*Corrode Str+3 Dex+8}
                  | (Okawaru gifted it to you on level 1 of the Orcish Mines)
 19206 | Orc:2    | Found Kupseiq's Book Emporium.
 19268 | Orc:2    | Found Quih's Antique Weapon Shoppe.
 19270 | Orc:2    | Noticed Jorgrun
 19289 | Orc:2    | Killed Jorgrun
 19289 | Orc:2    | Reached skill level 5 in Armour
 19289 | Orc:2    | Reached XP level 15. HP: 32/103 MP: 6/18
 19355 | Orc:2    | Found Toski's Antique Armour Boutique.
 19370 | Orc:2    | Found Esaach's General Store.
 19375 | Orc:2    | Found a flickering gateway to a bazaar.
 19402 | Bazaar   | Entered a bazaar
 19477 | Bazaar   | Found Vooracun's Antique Weapon Emporium.
 19488 | Bazaar   | Found Teefo's Antique Weapon Shoppe.
 19504 | Bazaar   | Found Kirug's Antique Armour Emporium.
 19515 | Bazaar   | Found Cuguruka's Antique Armour Shoppe.
 19538 | Bazaar   | Bought an ichor-stained kite shield for 199 gold pieces
 19548 | Bazaar   | Identified the +2 kite shield of Ostefus {rPois rN++ MR+
                  | Dex-2} (You bought it in a shop in a bazaar)
 19563 | Bazaar   | Bought a scorched morningstar for 216 gold pieces
 19563 | Bazaar   | Identified the +8 morningstar "Kios" {flame, MP+9 Str+5
                  | Int-2} (You bought it in a shop in a bazaar)
 19998 | Orc:2    | Found Lazeibb's Distillery.
 20002 | Orc:2    | Bought a potion of curing for 39 gold pieces
 20047 | Orc:2    | Noticed an orc warlord
 20047 | Orc:2    | Noticed an orc warlord
 20132 | Orc:1    | Killed an orc warlord
 20229 | Orc:1    | Killed an orc warlord
 20354 | Orc:2    | Gained mutation: Your body sometimes deteriorates upon
                  | taking damage. [a neqoxec]
 20392 | Orc:2    | Found a roughly hewn altar of Beogh.
 20917 | D:7      | Bought the -2 hat of the Alchemist {rElec rPois rF+ rC+ rN+
                  | MR+ rMut rCorr} for 1274 gold pieces
 20917 | D:7      | Found the -2 hat of the Alchemist {rElec rPois rF+ rC+ rN+
                  | MR+ rMut rCorr}
 21087 | D:12     | Found a transporter.
 21088 | D:12     | Noticed Zuplui's ghost (journeyman DgWn)
 21090 | D:12     | Found a transporter.
 21090 | D:12     | Identified the cursed +1 great mace of Brutal Revenge
                  | {venom, rN+ Str+7}
 21106 | D:12     | Found Areuthyz's General Store.
 21161 | D:12     | Found a gate leading to a gauntlet.
 21173 | D:12     | Found Fig Vodeq's Weapon Emporium.
 21176 | Gauntlet | Entered a Gauntlet
 21176 | Gauntlet | Found a transporter.
 21176 | Gauntlet | Found a transporter.
 21182 | Gauntlet | Found a transporter.
 21185 | Gauntlet | Found a transporter.
 21188 | Gauntlet | Found a transporter.
 21188 | Gauntlet | Found a transporter.
 21228 | Gauntlet | Found a transporter.
 21230 | Gauntlet | Found a transporter.
 21230 | Gauntlet | Found a transporter.
 21255 | Gauntlet | Found a transporter.
 21262 | Gauntlet | Found a transporter.
 21287 | Gauntlet | Found a transporter.
 21292 | Gauntlet | Found a transporter.
 21341 | Gauntlet | Found a transporter.
 21438 | Gauntlet | Got a coiled wooden ring
 21440 | Gauntlet | Identified the ring "Ziev" {*Tele Dex+3} (You found it in a
                  | Gauntlet)
 21524 | Gauntlet | Identified the +10 dagger of Cheibriados's Reproof {freeze,
                  | rF- rN+ Str+6 Dex+10}
 21562 | D:12     | Noticed Sonja
 21582 | D:12     | Killed Sonja
 21699 | D:12     | Received a gift from Okawaru
 21743 | D:12     | Bought a scroll of identify for 28 gold pieces
 21972 | D:12     | Found Toupp's Book Shop.
 22190 | D:12     | Found Plog's Assorted Antiques.
 22384 | D:12     | Killed Zuplui's ghost
 22670 | D:13     | Found a gate to the Vaults.
 22850 | D:13     | Found a runed translucent gate.
 22859 | D:13     | Found a runed translucent gate.
 22860 | D:13     | Found a runed translucent gate.
 22862 | D:13     | Noticed Mebb's ghost (journeyman SpEn)
 22865 | D:13     | Found an iron altar of Okawaru.
 22900 | D:13     | Reached XP level 16. HP: 59/111 MP: 19/19
 22937 | D:13     | Killed Mebb's ghost
 23445 | D:14     | Received a gift from Okawaru
 23456 | D:14     | Got a pair of glimmering boots {god gift}
 23467 | D:14     | Identified the +1 pair of boots of Lies {SInv} (Okawaru
                  | gifted it to you on level 14 of the Dungeon)
 23701 | D:14     | Found a basalt altar of Yredelemnul.
 23901 | D:14     | Reached skill level 15 in Maces & Flails
 24225 | D:15     | Entered Level 15 of the Dungeon
 24226 | D:15     | Noticed Nessos
 24236 | D:15     | Killed Nessos
 24310 | D:15     | Identified Cojisient's Papyrus of Aerial Poison
 24406 | D:15     | Found Ceomigeni's Jewellery Shoppe.
 24806 | D:15     | Found a staircase to the Depths.
 25912 | Swamp:1  | Noticed a thorn hunter
 25917 | Swamp:1  | Killed a thorn hunter
 25917 | Swamp:1  | Reached skill level 10 in Armour
 26121 | Swamp:2  | Received a gift from Okawaru
 26217 | Swamp:2  | Found a transporter.
 26237 | Swamp:2  | Noticed Nikola
 26243 | Swamp:2  | Killed Nikola
 26447 | Swamp:2  | Reached XP level 17. HP: 116/117 MP: 20/20
 26501 | Swamp:2  | Found a transporter.
 26510 | Swamp:2  | Identified the Disquisition on the Supportive Mountains
 27155 | Swamp:3  | Received a gift from Okawaru
 27879 | Swamp:4  | Entered Level 4 of the Swamp
 28145 | Swamp:4  | Noticed the 27-headed Lernaean hydra
 28174 | Swamp:4  | Killed the 27-headed Lernaean hydra
 28349 | Swamp:4  | Received a gift from Okawaru
 28358 | Swamp:4  | Identified the +3 long sword of Dissolution {pain, Str+2
                  | Dex+4}
 28512 | Swamp:4  | Got a decaying rune of Zot
 28542 | Swamp:4  | Found the +2 robe of Vines {NoPotionHeal Regen+7}
 29124 | Snake:1  | Entered Level 1 of the Snake Pit
 29152 | Snake:1  | Noticed Frances
 29174 | Snake:1  | Killed Frances
 29258 | Snake:1  | Reached XP level 18. HP: 126/126 MP: 21/21
 29300 | Snake:1  | Received a gift from Okawaru
 30056 | Snake:2  | Found an ancient bone altar of Kikubaaqudgha.
 30359 | Snake:3  | Received a gift from Okawaru
 30379 | Snake:3  | Got a translucent cloak {god gift}
 30390 | Snake:3  | Identified the +1 cloak "Riughy" {rElec Int+3 Stlth-}
                  | (Okawaru gifted it to you on level 3 of the Snake Pit)
 30979 | Snake:3  | Got an ichor-stained plate armour
 30990 | Snake:3  | Identified the cursed +1 plate armour of Disappointment
                  | {rC++} (You found it on level 3 of the Snake Pit)
 31009 | Snake:4  | Entered Level 4 of the Snake Pit
 31010 | Snake:4  | Found a runed translucent door.
 31010 | Snake:4  | Noticed CrazyMind's ghost (adept DrCj)
 31538 | Snake:4  | Received a gift from Okawaru
 31617 | Snake:4  | Noticed Mara
 31643 | Snake:4  | Killed Mara
 31643 | Snake:4  | Reached XP level 19. HP: 131/135 MP: 22/22
 31684 | Snake:4  | Found Zak Join's Distillery.
 31709 | Snake:4  | Bought a potion of heal wounds for 100 gold pieces
 31709 | Snake:4  | Bought a potion of heal wounds for 100 gold pieces
 31709 | Snake:4  | Bought a potion of heal wounds for 100 gold pieces
 31709 | Snake:4  | Found Naplik's Book Shop.
 31812 | Snake:4  | Killed CrazyMind's ghost
 32714 | Snake:4  | Got a serpentine rune of Zot
 33082 | Elf:1    | Entered Level 1 of the Elven Halls
 33100 | Elf:1    | Received a gift from Okawaru
 33110 | Elf:1    | Got a masterwork ring mail {god gift}
 33121 | Elf:1    | Identified the +1 ring mail of the Equinox {*Contam rCorr
                  | Int+2 Stlth+} (Okawaru gifted it to you on level 1 of the
                  | Elven Halls)
 33225 | Elf:1    | Noticed Azrael
 33443 | Elf:1    | Killed Azrael
 34206 | Elf:2    | Found a runed translucent gate.
 34207 | Elf:2    | Found a runed translucent gate.
 34371 | Elf:2    | Found a runed translucent gate.
 34416 | Elf:2    | Reached XP level 20. HP: 121/144 MP: 7/23
 35120 | Elf:2    | Received a gift from Okawaru
 35543 | Elf:3    | Entered Level 3 of the Elven Halls
 35627 | Elf:3    | Lost mutation: Your body sometimes deteriorates upon taking
                  | damage. [potion of mutation]
 35627 | Elf:3    | Gained mutation: You have supernaturally acute eyesight.
                  | (SInv) [potion of mutation]
 35627 | Elf:3    | Gained mutation: You are agile. (Dex +2) [potion of
                  | mutation]
 35656 | Elf:3    | Received a gift from Okawaru
 35839 | Elf:3    | Received a gift from Okawaru
 35854 | Elf:3    | Shot with an arrow by a deep elf master archer

Illustrated notes

Levels and vault maps discovered:
D:1:      dpeg_arrival_tiny_g, layout_basic, serial_glass, glass_columns_b,
          glass_columns_c
D:2:      kennysheep_six_static_rooms, layout_loops_ring, uniq_natasha,
          uniq_robin
D:3:      layout_rooms, lemuel_doored_altar, grunt_dithmenos_smoke
D:4:      layout_gridville, first_ration, elyvilon_altar_3
D:5:      layout_cave_pools, minmay_temple_entry_grid, serial_shops,
          nicolae_shop_behind_doors, chequers_avenue, minivault_23
D:6:      layout_layer_cave, old_standard_altar, tso_metal_star
D:7:      layout_loops_cross, overflow_temple_1_default,
          grunt_temple_overflow_cloverleaf, serial_shops, nicolae_shop_crystal,
          shop, nicolae_shop_trees, nicolae_shop_stone, lemuel_centaur_altar,
          uniq_pikel
D:8:      layout_basic
D:9:      layout_stronghold, uniq_grum
D:10:     minmay_twisted_water, layout_basic, serial_co_window_serial,
          co_window_paths_a, co_window_corner_a, co_window_corner_a,
          co_window_corner_a, co_window_paths_b, co_window_2corner,
          co_window_unsneaky_path_e, glass_columns_a, glass_columns_a
D:11:     layout_rooms, dpeg_lair_monsters, uniq_erolcha
D:12:     layout_gridville, serial_shops, shop_fountains, shop,
          nicolae_shop_waterfront, nicolae_shop_trees, gauntlet_entry_generic,
          gammafunk_ghost_smash, uniq_sonja
D:13:     layout_roguey, skrybe_vaults_entry_preservation,
          gammafunk_ghost_fury_of_okawaru
D:14:     minmay_chambers_of_sevens, layout_long_grid,
          lemuel_mausoleum_altar_yredelemnul
D:15:     hangedman_depths_entry_try_elsewhere_first, layout_loops_ring,
          serial_glass, glass_columns_c, glass_columns_a,
          grunt_decor_mini_mirrors, minmay_shop_enchanted_jewellery, uniq_nessos
Temple:   jpeg_temple_clearing
Lair:1:   layout_misc_corridors, special_room [special_room_bee],
          lemuel_fruit_tree
Lair:2:   layout_regular_city, grunt_megastairs_2, uniq_gastronok
Lair:3:   layout_gridlike, guppyfry_snake_entry_island, uniq_fannar
Lair:4:   layout_regular_city, swamp_mist, ebering_ghost_xom,
          grunt_forest_stairs_clearing
Lair:5:   layout_regular_city, dpeg_slime_entry_enclosed_altar,
          beast_lair_carwin_6, grunt_megastairs_5
Lair:6:   due_jungle_book, layout_regular_city
Swamp:1:  layout_falls_marsh, nicolae_swamp_treefoil
Swamp:2:  gammafunk_the_bubble [the_bubble_gammafunk_plus_minus],
          layout_basic_swamp, nicolae_swamp_very_dense_foliage, swamp_pool1,
          infiniplex_staircase_pool, uniq_nikola
Swamp:3:  layout_basic_swamp, hangedman_swamp_ruin_wall, swamp_pool3
Swamp:4:  swamp_alternative, layout_basic_swamp
Snake:1:  layout_misc_corridors, uniq_frances
Snake:2:  layout_onion, basic_altar, serial_bayou_shore_a
Snake:3:  layout_misc_corridors
Snake:4:  grunt_snake_rune_serpentine_throne, layout_rooms,
          ebering_ghost_inner_flame, minmay_shoptagon, serial_bayou_shore_b,
          uniq_mara
Orc:1:    layout_caves
Orc:2:    grunt_orc_gardens, layout_caves, grunt_orc_garden, grunt_orc_garden,
          grunt_orc_garden, grunt_orc_garden, serial_shops, bzr_entry_customers,
          nicolae_shop_stone, shop, minmay_orc_temple_c, uniq_jorgrun
Elf:1:    eino_elf_arrival_customs, layout_loops_cross, hangedman_elf_disciples,
          small_statue_intersection, uniq_azrael
Elf:2:    layout_loops_cross, nooodl_food_tri
Elf:3:    minmay_elf_hall_statues, layout_gridlike, uniq_louise

Skill      XL: |  1  2  3  4  5  6  7  8  9 10 11 12 13 14 15 16 17 18 19 20 |
---------------+-------------------------------------------------------------+-----
Fighting       | 4 5 8 11 13 15 16 17 18 20 21 22 | 22.4
Maces & Flails | 3 4 5 7 10 12 14 15 16 | 16.0
Shields        | 4 5 6 8 11 13 15 16 17 18 20 21 22 | 22.3
Invocations    | 2 5 |  5.0
Evocations     | 2 5 |  5.0
Armour         | 5 8 10 | 10.0

Action                   |  1- 3 |  4- 6 |  7- 9 | 10-12 | 13-15 | 16-18 | 19-21 || total
-------------------------+-------+-------+-------+-------+-------+-------+-------++-------
Melee: Flail             |   119 |   249 |    56 |       |       |       |       ||   424
       Mace              |       |       |   386 |  1147 |       |       |       ||  1533
       Hand axe          |       |       |    37 |       |       |       |       ||    37
       Demon whip        |       |       |       |       |   802 |       |   624 ||  1426
       Morningstar       |       |       |       |       |   380 |  1232 |   227 ||  1839
Throw: Javelin           |       |       |       |       |     7 |       |       ||     7
Invok: Finesse           |       |       |       |       |     4 |     2 |       ||     6
       Heroism           |       |       |       |       |       |     1 |       ||     1
 Abil: Fly               |       |       |       |       |       |     1 |       ||     1
Evoke: Wand              |       |       |       |     1 |     1 |       |       ||     2
  Use: Scroll            |       |       |     7 |     8 |    11 |    12 |     6 ||    44
       Potion            |       |       |       |     1 |     2 |     2 |     9 ||    14
 Stab: Petrified         |       |       |       |       |     1 |       |       ||     1
       Confused          |       |       |       |       |       |     2 |       ||     2
  Eat: Chunk             |     1 |     7 |    10 |    22 |    21 |    25 |     8 ||    94
       Ration            |       |       |     1 |       |     3 |     1 |     2 ||     7
Armor: Scale mail        |    69 |   130 |    31 |       |       |       |       ||   230
       Chain mail        |       |       |   152 |   566 |   338 |   499 |   288 ||  1843
Dodge: Dodged            |    52 |    85 |    75 |   261 |   206 |   245 |   130 ||  1054
Block: Kite shield       |    81 |   161 |   351 |   371 |   886 |  1290 |   773 ||  3913
       Reflection        |       |     3 |     3 |    25 |    21 |   112 |    78 ||   242
       Buckler           |       |       |       |   327 |    26 |       |       ||   353
